cohdb
Replays
Latest Replays
All Replays
Popular Replays
Top Player Replays
Match Explorer
How It Works
Community
CoH3 Stats
Reddit
Sign in to upload your games and track your stats! →
Sign in with Steam
Match 31266624
Unlisted
Match 31266624
Overview
Messages
Build Orders
End
Construct Infanterie Kompanie
MG 42 Machine Gun Team
Grenadier Squad
Grenadier Squad
GrW 34 Mortar Team
Forward Retreat Point
Infanterie Officer Quarters
Construct Panzergrenadier Kompanie
251 Medium Carrier
Selects Mechanized Battlegroup
Selects Mobile Repair Stations
Medical Bunker
Selects Raid Package
Panzergrenadier Squad
Panzergrenadier Officer Quarters
Construct Panzer Kompanie
Stoßtruppen Squad
Selects 8 Rad Armored Car
Selects UNKNOWN (2160084)
Panther Heavy Tank
Selects Wespe Self-propelled Artillery
Sturmpanzer IV Brummbär
Selects Wespe Self-propelled Artillery
Panzer Officer Quarters
Panther Heavy Tank
Selects Zeroing Artillery Barrage
Zeroing Artillery Barrage
[SE:VH] Queiroz
Schrödinger
☜☆☞★ Herkul ★☜☆☞
Evy
BenjeMello_0
1003604386
wayfinder
gUi
0
0
Comments
sign in to comment!
No comments posted yet!